 Dungeon Crawl Stone Soup version 0.18.1-50-g88ac8fd (webtiles) character file.

120459 atgrul the Devastator (level 16, 0/110 HPs)
             Began as a High Elf Conjurer on Sept 17, 2016.
             Was the Champion of Sif Muna.
             Slain by a wolf spider (6 damage)
             ... on level 1 of the Spider Nest.
             The game lasted 04:02:33 (44717 turns).

atgrul the Devastator (High Elf Conjurer)          Turns: 44717, Time: 04:02:34

Health: 0/110      AC: 12    Str: 11    XL:     16   Next: 30%
Magic:  25/36      EV: 28    Int: 29    God:    Sif Muna [******]
Gold:   2210       SH:  4    Dex: 25    Spells: 5 memorised, 32 levels left

rFire  x . .     SeeInvis +     e - staff of conjuration
rCold  + . .     Gourm    .     G - +0 mottled dragon armour
rNeg   . . .     Faith    .     (no shield)
rPois  .         Spirit   .     A - +1 hat
rElec  +         Dismiss  .     l - +0 cloak
rCorr  .         Reflect  +     Z - +0 pair of gloves
SustAt .         Harm     .     W - +2 pair of boots of the Country {Str+4 Dex+2 SInv}
MR     +....                    L - +4 amulet of reflection
Stlth  ++........               K - ring of the Illusory Eyes {Ice rElec Dex+5}
                                Y - +4 ring of intelligence

@: somewhat resistant to hostile enchantments, unstealthy
A: no striking features
a: Channel Energy, Forget Spell, Renounce Religion


You were on level 1 of the Spider Nest.
You worshipped Sif Muna.
Sif Muna was exalted by your worship.
You were very full.

You visited 5 branches of the dungeon, and saw 28 of its levels.
You also visited: Labyrinth.

You collected 2371 gold pieces.
You spent 161 gold pieces at shops.

Inventory:

Hand Weapons
 T - the +1 mace of Efetzeb {venom, +Inv rF+++ MP+9 Int-3}
   (You found it in a labyrinth)

   It poisons the flesh of those it strikes.
   It affects your intelligence (-3).
   It renders you almost immune to fire.
   It affects your magic capacity (+9).
   It lets you turn invisible.
Armour
 l - a +0 cloak (worn)
 A - a +1 hat (worn)
 G - a +0 mottled dragon armour (worn)
 W - the +2 pair of boots of the Country (worn) {Str+4 Dex+2 SInv}
   (You found it on level 9 of the Dungeon)

   It affects your strength (+4).
   It affects your dexterity (+2).
   It lets you see invisible.
 Z - a +0 pair of gloves (worn)
Magical Staves
 e - an uncursed staff of conjuration (weapon)
 s - an uncursed staff of earth
 O - an uncursed staff of wizardry
Rods
 C - a +3 rod of clouds (13/13)
   (You found it in a labyrinth)
Jewellery
 b - an uncursed ring of protection from fire
 K - the ring of the Illusory Eyes (right hand) {Ice rElec Dex+5}
   (You found it on level 8 of the Lair of Beasts)

   [ring of ice]

   It enhances your ice magic, and weakens your fire magic.
   It affects your dexterity (+5).
   It makes you vulnerable to fire.
   It protects you from cold.
   It insulates you from electricity.
 L - a +4 amulet of reflection (around neck)
 N - an uncursed ring of fire
 V - a +5 ring of protection
 Y - a +4 ring of intelligence (left hand)
Wands
 y - a wand of lightning (4/15)
 E - a wand of acid (1/15)
 I - a wand of slowing (27/48)
 J - a wand of paralysis (14/24)
 R - a wand of lightning (5/15)
Scrolls
 g - a scroll of magic mapping
 h - 14 scrolls of remove curse
 o - 2 scrolls of teleportation
 u - 5 scrolls of fog
 w - 5 scrolls of amnesia
 x - 5 scrolls of recharging
 z - 3 scrolls of identify
 D - 3 scrolls of fear
 M - 3 scrolls of enchant weapon
 S - a scroll of immolation
 X - a scroll of blinking
Potions
 a - a potion of haste
 d - a potion of ambrosia
 i - 6 potions of curing
 j - a potion of cure mutation
 k - 2 potions of resistance
 n - 3 potions of magic
 p - 4 potions of brilliance
 r - 5 potions of agility
 t - a potion of mutation
 v - 2 potions of heal wounds
 Q - a potion of might
 U - 3 potions of flight
Books
 f - the Handbook of Supportive Boosts
   (You acquired it on level 1 of the Orcish Mines)

   Spells                             Type                      Level
   a - Summon Butterflies             Summoning                    1
   b - Call Canine Familiar           Summoning                    3
   c - Summon Ice Beast               Ice/Summoning                4
   d - Haste                          Charms                       6
 m - a book of Minor Magic

   Spells                             Type                      Level
   a - Magic Dart                     Conjuration                  1
   b - Blink                          Translocation                2
   c - Call Imp                       Summoning                    2
   d - Repel Missiles                 Charms/Air                   2
   e - Slow                           Hexes                        2
   f - Conjure Flame                  Conjuration/Fire             3
   g - Mephitic Cloud                 Conjuration/Poison/Air       3
 B - a book of Transfigurations

   Spells                             Type                      Level
   a - Irradiate                      Conjuration/Transmutation    5
   b - Statue Form                    Transmutation/Earth          6
   c - Hydra Form                     Transmutation                6
   d - Dragon Form                    Transmutation                7
Miscellaneous
 H - a plain deck of wonders {the Alchemist}
 P - a lamp of fire
Comestibles
 c - 12 bread rations
 F - 7 meat rations


   Skills:
 - Level 10.5 Fighting
 - Level 1.0 Staves
 - Level 0.8 Armour
 + Level 16.2 Dodging
 - Level 2.1 Stealth
 - Level 15.7 Spellcasting
 - Level 17.3 Conjurations
 - Level 9.5 Charms
 - Level 0.7 Translocations
 - Level 0.5 Air Magic
 - Level 0.7 Invocations


You had 32 spell levels left.
You knew the following spells:

 Your Spells              Type           Power        Failure   Level  Hunger
a - Magic Dart            Conj           ####         0%          1    None
b - Iskenderun's Mystic   Conj           ########     1%          4    None
c - Iskenderun's Battles  Conj/Chrm      ########     1%          5    None
d - Swiftness             Chrm/Air       ######..     1%          2    None
e - Blink                 Tloc           N/A          4%          2    None


Dungeon Overview and Level Annotations

Branches:
Dungeon (15/15)            Temple (1/1) D:5            Lair (8/8) D:8
 Shoals (0/4) Lair:6       Spider (2/4) Lair:4        Slime (0/6) Lair:7
    Orc (2/2) D:9             Elf (0/3) Orc:2        Vaults (0/5) D:14
 Depths: D:15

Altars:
Ashenzari
Cheibriados
Dithmenos
Elyvilon
Fedhas
Gozag
Kikubaaqudgha
Makhleb
Nemelex Xobeh
Okawaru
Pakellas
Qazlal
Ru
Sif Muna
Trog
Vehumet
Xom
Yredelemnul
Zin
The Shining One

Shops:
D:9 !   D:11 !   Orc:2 *((!

Portals:
Hell: Lair:8

Annotations:
D:3 Purgy
Lair:6 exclusion: downstairs
Lair:7 exclusion: 3 oklob plants


Message History

The wolf spider completely misses you.
Casting: Magic Dart
Confirm with . or Enter, or press ? or * to list all spells.
You don't have enough magic to cast that spell.
Magic courses through your body. The wolf spider misses you.
You block the wolf spider's attack.
Casting: Magic Dart
Confirm with . or Enter, or press ? or * to list all spells.
Aiming: Iskenderun's Mystic Blast
Press: ? - help, Shift-Dir - straight line, f/p - wolf spider
Aim: a wolf spider (lightly wounded)
You feel a surge of power!
The orb of energy hits the wolf spider.
The wolf spider is almost dead.
The orb of energy explodes!
You block the wolf spider's attack. The wolf spider bites you.
* * * LOW HITPOINT WARNING * * *
The wolf spider hits you!
* * * LOW HITPOINT WARNING * * *
The wolf spider bites you.
You die...

.....#.#########..........#......
#.......##....#............#.....
#..........###............###....
#............##..........## #....
##...........##........#.# ##...
#.............##......#.## #...
..............##....##..# ##..
.##.............s..#..#.#######.#
.##.............@...###...##....#
#####...................#...#####
# ##..................##..# #.
#########......##.......##..####.
.#..# ##...#.#........##......#
...### #.##.#........#.........
###..#####...#..^........#.......
# ####..#....^#.........###......
# ###.................##......


You could see a wolf spider.

Vanquished Creatures
  Rupert (D:13)
  A salamander stormcaller (D:15)
  A dire elephant (Lair:8)
  A minotaur (Lab)
  A merfolk impaler (Lair:6)
  3 vault guards (D:14)
  10 hydras
  Erolcha (D:13)
  The ghost of HolyRage the Grappler, a novice TrMo of Okawaru (D:8)
  3 centaur warriors
  A merfolk avatar (Lair:6)
  2 ogre magi (Orc:2)
  11 death yaks
  A sun demon (Lair:8)
  A fire crab (shapeshifter) (D:14)
  10 hill giants
  2 deep trolls (Orc:2)
  3 orc knights
  Pikel (D:4)
  2 wizards
  2 deep elf magi
  6 orb spiders
  6 wolf spiders
  3 orc sorcerers
  5 ugly things
  4 salamanders
  A manticore (D:11)
  5 cyclopes
  7 elephants
  A moth of wrath (Spider:2)
  A sixfirhy (Lair:8)
  Maurice (D:11)
  6 torpor snails
  A smoke demon (Lair:8)
  6 black mambas
  2 orange demons (Lair:8)
  20 spiny frogs
  2 gargoyles
  A centaur skeleton (D:11)
  A kobold demonologist (D:14)
  7 komodo dragons
  5 rime drakes
  A demonic crawler (Spider:1)
  14 trolls
  5 ice devils (Lair:8)
  6 jumping spiders (Spider:1)
  2 polar bears
  11 two-headed ogres
  38 blink frogs
  Prince Ribbit (D:7)
  A boulder beetle (Lair:8)
  A spriggan (D:10)
  2 shadows (Lab)
  A vampire (D:14)
  12 redbacks
  11 tarantellas
  47 yaks
  A wraith (D:13)
  A fire elemental (Orc:2)
  4 wyverns
  8 basilisks
  17 hippogriffs
  A hippogriff (shapeshifter) (D:13)
  A hungry ghost (D:14)
  6 wargs
  A mottled dragon (D:11)
  3 hell hounds (Lair:8)
  Duvessa (D:6)
  12 porcupines
  3 slaves (D:4)
  18 water moccasins
  12 orc warriors
  2 eyes of draining
  3 ice beasts
  3 phantoms
  6 black bears
  28 ogres
  2 necrophages
  3 sky beasts
  22 wolves
  15 centaurs
  18 crocodiles
  4 big kobolds
  Blork the orc (D:4)
  28 giant frogs
  A wyvern skeleton (D:8)
  Dowan (D:7)
  7 scorpions
  9 killer bees
  17 wights
  2 electric eels
  4 howler monkeys
  2 crimson imps
  4 centaur zombies
  8 hounds
  19 orc wizards
  12 orc priests
  A gnoll shaman (D:9)
  10 jellies
  3 giant frog skeletons
  14 iguanas
  10 worker ants
  Natasha (thrice) (D:3)
  2 hell rats (Lair:7)
  14 sheep
  2 hound zombies
  A hound skeleton (D:4)
  A howler monkey zombie (D:9)
  A worker ant zombie (D:11)
  11 gnolls
  68 river rats
  13 adders
  3 shadow imps
  An ooze (D:3)
  3 worms (D:3)
  6 adder skeletons
  An adder zombie (D:9)
  5 dart slugs
  3 giant geckos
  63 orcs
  13 bats
  6 giant cockroaches
  14 goblins
  7 hobgoblins
  9 jackals
  5 quokkas
  3 ball pythons
  8 giant newts
  49 kobolds
  8 rats
  3 fungi
  3 plants
980 creatures vanquished.

Vanquished Creatures (others)
  A centaur warrior (D:14)
  A cyclops (Orc:1)
  36 fungi
  15 plants
53 creatures vanquished.

Grand Total: 1033 creatures vanquished

Notes
Turn   | Place    | Note
--------------------------------------------------------------
     0 | D:1      | atgrul the High Elf Conjurer began the quest for the Orb.
     0 | D:1      | Reached XP level 1. HP: 11/11 MP: 4/4
    97 | D:1      | Reached XP level 2. HP: 14/18 MP: 3/6
   206 | D:1      | Reached skill level 5 in Conjurations
   602 | D:2      | Reached XP level 3. HP: 22/22 MP: 3/7
   606 | D:2      | Reached skill level 1 in Fighting
  1042 | D:2      | Reached XP level 4. HP: 14/28 MP: 6/8
  1469 | D:3      | Noticed Natasha
  1472 | D:3      | Killed Natasha
  1472 | D:3      | Reached skill level 6 in Conjurations
  1573 | D:3      | Noticed Natasha
  1586 | D:3      | Killed Natasha
  1649 | D:3      | Reached XP level 5. HP: 33/33 MP: 5/10
  1698 | D:3      | Noticed Purgy
  1914 | D:3      | Noticed Natasha
  1918 | D:3      | Killed Natasha
  1954 | D:3      | Found an opulent altar of Gozag.
  2377 | D:4      | Reached XP level 6. HP: 14/39 MP: 12/12
  2838 | D:4      | Reached skill level 7 in Conjurations
  3223 | D:4      | Learned a level 4 spell: Iskenderun's Mystic Blast
  3242 | D:4      | Noticed Blork the orc
  3277 | D:4      | Killed Blork the orc
  3277 | D:4      | Reached XP level 7. HP: 29/45 MP: 2/14
  3622 | D:4      | Noticed Pikel
  3892 | D:4      | Found a glowing golden altar of the Shining One.
  4365 | D:5      | Entered Level 5 of the Dungeon
  4376 | D:5      | Found a staircase to the Ecumenical Temple.
  4385 | Temple   | Entered the Ecumenical Temple
  4547 | Temple   | Became a worshipper of Sif Muna the Loreminder
  4918 | D:5      | Reached skill level 5 in Dodging
  5141 | D:5      | Reached skill level 8 in Conjurations
  5200 | D:5      | Learned a level 5 spell: Iskenderun's Battlesphere
  5260 | D:5      | Found a radiant altar of Vehumet.
  5423 | D:5      | Reached XP level 8. HP: 52/52 MP: 12/15
  5856 | D:6      | Reached skill level 1 in Charms
  6139 | D:6      | Found a shimmering altar of Xom.
  6403 | D:6      | Noticed a hill giant
  6461 | D:6      | Reached * piety under Sif Muna
  6461 | D:6      | Reached skill level 9 in Conjurations
  7295 | D:6      | Noticed an angel
  7301 | D:6      | Reached skill level 10 in Conjurations
  7311 | D:6      | Found a glowing silver altar of Zin.
  7491 | D:6      | Found an iron altar of Okawaru.
  7536 | D:6      | Found a sparkling altar of Nemelex Xobeh.
  7563 | D:6      | Reached XP level 9. HP: 51/59 MP: 16/16
  7866 | D:6      | Killed a hill giant
  7866 | D:6      | Reached ** piety under Sif Muna
  7866 | D:6      | Reached skill level 11 in Conjurations
  8062 | D:7      | Found an oddly glowing altar of Pakellas.
  8200 | D:7      | Got a shimmering robe
  8211 | D:7      | Identified the +1 robe of the Meadowlark {rC- MR+ Slay+2} (You found it on level 7 of the Dungeon)
  8287 | D:7      | Found a bloodstained altar of Trog.
  8288 | D:7      | Noticed Dowan
  8293 | D:7      | Killed Dowan
  8294 | D:7      | Noticed Duvessa
  8312 | D:6      | HP: 3/60 [Duvessa/short sword (14)]
  8743 | D:6      | Killed Duvessa
  8743 | D:6      | Reached skill level 5 in Fighting
  9057 | D:7      | Noticed Prince Ribbit
  9065 | D:7      | Killed Prince Ribbit
  9179 | D:7      | Reached skill level 12 in Conjurations
  9374 | D:7      | Reached *** piety under Sif Muna
  9642 | D:4      | Found a shattered altar of Ashenzari.
  9759 | D:4      | Killed Pikel
 10214 | D:3      | Reached XP level 10. HP: 54/66 MP: 1/17
 10901 | D:8      | Noticed HolyRage's ghost (novice TrMo)
 10988 | D:8      | Reached skill level 5 in Spellcasting
 11064 | D:8      | Found a burning altar of Makhleb.
 11175 | D:8      | Found a glowing golden altar of the Shining One.
 11383 | D:8      | Found a snail-covered altar of Cheibriados.
 11488 | D:8      | Found an ancient bone altar of Kikubaaqudgha.
 11561 | D:8      | Found a staircase to the Lair.
 11612 | D:8      | Reached **** piety under Sif Muna
 11993 | D:8      | Reached skill level 13 in Conjurations
 12271 | D:9      | Found a staircase to the Orcish Mines.
 12318 | D:9      | Found Efufeal's Distillery.
 12323 | D:9      | Bought a potion of might for 52 gold pieces
 12323 | D:9      | Bought a potion of flight for 39 gold pieces
 12598 | D:9      | Found a stormy altar of Qazlal.
 12616 | D:9      | Got a pair of shimmering boots
 12627 | D:9      | Identified the +2 pair of boots of the Country {Str+4 Dex+2 SInv} (You found it on level 9 of the Dungeon)
 12645 | D:9      | Found a shimmering altar of Xom.
 12947 | D:10     | Entered Level 10 of the Dungeon
 13104 | D:10     | Noticed a hill giant
 13111 | D:10     | Killed a hill giant
 13111 | D:10     | Reached ***** piety under Sif Muna
 13482 | D:10     | Reached XP level 11. HP: 61/74 MP: 16/25
 14440 | Lair:1   | Entered Level 1 of the Lair of Beasts
 15290 | D:11     | Found Kyvoshen's Distillery.
 15307 | D:11     | Noticed a centaur warrior
 15330 | D:11     | Killed a centaur warrior
 15330 | D:11     | Reached skill level 10 in Spellcasting
 15349 | D:11     | Reached skill level 14 in Conjurations
 15619 | D:11     | Bought a potion of heal wounds for 70 gold pieces
 15672 | D:11     | Noticed a red ugly thing
 15679 | D:11     | Killed a red ugly thing
 15679 | D:11     | Reached ****** piety under Sif Muna
 15679 | D:11     | Received a gift from Sif Muna
 15683 | D:11     | Identified Sif Muna's Collected Works on Hexes (Sif Muna gifted it to you on level 11 of the Dungeon)
 15928 | D:11     | Noticed Maurice
 15934 | D:11     | Killed Maurice
 16204 | D:11     | Noticed a hill giant
 16666 | D:11     | Killed a hill giant
 17244 | D:12     | Noticed a hill giant
 17249 | D:12     | Killed a hill giant
 17250 | D:12     | Noticed a white ugly thing
 17308 | D:12     | Killed a white ugly thing
 17479 | D:12     | Reached XP level 12. HP: 51/80 MP: 11/28
 18367 | D:8      | Killed HolyRage's ghost
 18541 | D:8      | Reached skill level 15 in Conjurations
 19361 | Lair:1   | Found an iron altar of Okawaru.
 20255 | Lair:2   | Received a gift from Sif Muna
 20500 | Lair:2   | Identified Sif Muna's Grimoire of Assistive Displacement (Sif Muna gifted it to you on level 2 of the Lair of Beasts)
 20546 | Lair:2   | Learned a level 2 spell: Swiftness
 22743 | Lair:3   | Found a runed door.
 22749 | Lair:3   | Noticed an eight-headed hydra
 22873 | Lair:3   | Killed an eight-headed hydra
 22873 | Lair:3   | Reached XP level 13. HP: 88/88 MP: 6/31
 24029 | Lair:4   | Found a hole to the Spider Nest.
 24077 | Lair:4   | You fall through a shaft for 3 floors!
 24692 | Lair:6   | Received a gift from Sif Muna
 24783 | Lair:6   | Reached skill level 16 in Conjurations
 25234 | Lair:6   | Noticed a merfolk impaler
 25240 | Lair:6   | Killed a merfolk impaler
 25244 | Lair:6   | Found a staircase to the Shoals.
 25936 | Lair:5   | Found a labyrinth entrance.
 25946 | Lab      | Entered a labyrinth
 26888 | Lab      | Noticed a minotaur
 26896 | Lab      | Killed a minotaur
 26898 | Lab      | Got a brightly glowing broad axe {venom}
 26959 | Lab      | Got an iridescent mace
 26981 | Lab      | Identified a +3 rod of clouds (13/13) (You found it in a labyrinth)
 26982 | Lab      | Identified a +2 rod of clouds (9/9) (You found it in a labyrinth)
 26983 | Lab      | Identified the +7 broad axe of Rubbish {venom, Dex+3} (You took it off a minotaur in a labyrinth)
 26984 | Lab      | Identified the cursed +1 mace of Efetzeb {venom, +Inv rF+++ MP+9 Int-3} (You found it in a labyrinth)
 28056 | Lair:5   | Found a shadowy altar of Dithmenos.
 29381 | Lair:4   | Reached skill level 15 in Spellcasting
 29389 | Lair:4   | Reached XP level 14. HP: 93/97 MP: 2/34
 29653 | Lair:4   | Reached skill level 1 in Staves
 30868 | Lair:7   | Reached skill level 17 in Conjurations
 31023 | Lair:7   | Received a gift from Sif Muna
 31221 | Lair:7   | Reached skill level 10 in Dodging
 32077 | Lair:7   | Learned a level 2 spell: Blink
 32906 | Lair:7   | Found a staircase to the Slime Pits.
 33016 | Lair:8   | Entered Level 8 of the Lair of Beasts
 33056 | Lair:8   | Reached skill level 5 in Charms
 34104 | Lair:8   | Found a burning altar of Makhleb.
 34747 | Lair:8   | Reached XP level 15. HP: 96/103 MP: 1/35
 34815 | Lair:8   | Reached skill level 10 in Fighting
 35822 | Lair:8   | Found a gateway to Hell.
 35830 | Lair:8   | Got a steaming wooden ring
 36593 | D:13     | Noticed Rupert
 36604 | D:13     | Killed Rupert
 36947 | D:13     | Found a shadowy altar of Dithmenos.
 36995 | D:13     | Noticed Erolcha
 36999 | D:13     | Killed Erolcha
 37011 | D:13     | Identified the ring of the Illusory Eyes {Ice rElec Dex+5} (You found it on level 8 of the Lair of Beasts)
 37485 | D:14     | Found a shadowy altar of Dithmenos.
 38536 | D:14     | Found a gate to the Vaults.
 38786 | D:14     | Found a shattered altar of Ashenzari.
 38835 | D:15     | Entered Level 15 of the Dungeon
 39424 | Orc:1    | Entered Level 1 of the Orcish Mines
 39929 | Orc:2    | Entered Level 2 of the Orcish Mines
 40612 | Orc:2    | Found Giostret's Antique Weapon Boutique.
 40619 | Orc:2    | Found Urub's Distillery.
 40627 | Orc:2    | Found Hoabeum's Assorted Antiques.
 40644 | Orc:2    | Found Yremaj's Antique Weapon Boutique.
 41136 | Orc:2    | Reached XP level 16. HP: 110/110 MP: 28/36
 41419 | Orc:2    | Found a staircase to the Elven Halls.
 41552 | Orc:2    | Reached skill level 15 in Dodging
 41635 | Orc:1    | Identified a scroll of acquirement
 41636 | Orc:1    | Identified the Handbook of Supportive Boosts (You acquired it on level 1 of the Orcish Mines)
 42464 | Spider:1 | Entered Level 1 of the Spider Nest
 44717 | Spider:1 | Slain by a wolf spider

Skill      XL: |  1  2  3  4  5  6  7  8  9 10 11 12 13 14 15 16 |
---------------+-------------------------------------------------+-----
Conjurations   | 5 6 7 8 10 12 13 14 15 16 17 | 17.3
Fighting       | 1 2 3 4 5 6 7 9 10 | 10.5
Spellcasting   | 3 4 9 11 13 15 | 15.7
Dodging        | 3 5 6 7 9 10 14 16 | 16.2
Charms         | 2 4 8 9 |  9.5
Staves         | 1 |  1.0
Armour         | |  0.8
Stealth        | |  2.1
Translocations | |  0.7
Air Magic      | |  0.5
Invocations    | |  0.7

Action                   |  1- 3 |  4- 6 |  7- 9 | 10-12 | 13-15 | 16-18 || total
-------------------------+-------+-------+-------+-------+-------+-------++-------
Melee: Dagger            |    49 |    59 |   163 |   327 |    83 |       ||   681
       Staff             |       |       |       |       |   395 |    14 ||   409
 Cast: Magic Dart        |    56 |   126 |   297 |   681 |   761 |   118 ||  2039
       Iskenderun's Myst |       |     1 |    23 |   136 |   386 |    58 ||   604
       Iskenderun's Batt |       |       |     7 |    45 |    98 |    23 ||   173
       Swiftness         |       |       |       |       |     1 |       ||     1
       Blink             |       |       |       |       |     1 |       ||     1
Invok: Channel Energy    |       |       |       |     2 |    19 |       ||    21
Evoke: Wand              |       |       |       |       |     5 |       ||     5
  Use: Scroll            |       |     5 |     9 |    11 |    13 |     5 ||    43
       Potion            |       |       |     4 |     4 |     3 |     2 ||    13
 Stab: Sleeping          |     1 |     1 |       |       |       |       ||     2
       Distracted        |       |     1 |       |       |       |       ||     1
  Eat: Chunk             |     1 |     6 |     5 |    39 |    32 |     4 ||    87
       Meat ration       |       |       |     1 |       |     2 |       ||     3
       Bread ration      |       |       |     4 |     1 |     1 |     1 ||     7
       Royal jelly       |       |       |     1 |     1 |       |       ||     2
       Fruit             |       |       |       |     4 |    12 |       ||    16
       Pizza             |       |       |       |       |     2 |       ||     2
       Beef jerky        |       |       |       |       |       |     7 ||     7
Armor: Robe              |    13 |    16 |    56 |   170 |    40 |       ||   295
       Mottled dragon ar |       |       |       |       |   179 |    31 ||   210
Dodge: Dodged            |    31 |    67 |   199 |   481 |   845 |   209 ||  1832
Block: Other             |       |       |       |    15 |   200 |    16 ||   231
       Reflection        |       |       |       |       |    10 |       ||    10
